 Dungeon Crawl Stone Soup version 0.31-a0-1424-g2add1c7226 (webtiles) character file.

Game seed: 5838900160485239833

280 dorian the Ruffian (level 6, -2/37 HPs)
             Began as a Draconian Shapeshifter on Dec 26, 2023.
             Killed by divine providence
             ... invoked by an orc priest
              (9 damage)
             ... on level 3 of the Dungeon.
             The game lasted 00:03:13 (1766 turns).

dorian the Ruffian (Draconian Shapeshifter)         Turns: 1766, Time: 00:03:15

Health: -2/37      AC:  8    Str: 17    XL:     6   Next: 5%
Magic:  6/6        EV: 16    Int: 10    God:
Gold:   149        SH:  0    Dex: 12    Spells: 5/5 levels left

rFire   . .          .
                       - Unarmed
rCold   . . .        (shield currently unavailable)
rNeg    . . .        (body armour unavailable)
rPois   .            (helmet restricted)
rElec   .            (no cloak)
rCorr   .            h - +0 pair of gloves
SInv    .            j - +0 pair of boots
Will    .....        (no amulet)
Stlth   +            (no ring)
HPRegen 0.26/turn    (no ring)
MPRegen 0.10/turn

%: no passive effects
@: confused, flux-form, ambrosia-drunk, glowing
A: glow, contaminating, reduced hp, AC +6, unfitting armour, cold-blooded
a: Begin Untransformation


You were on level 3 of the Dungeon.
You were something dangerously unstable.
You visited 1 branch of the dungeon, and saw 3 of its levels.

You collected 149 gold pieces.

Inventory:

Armour
 e - a +2 robe of fire resistance
 h - a +0 pair of gloves (worn)
 j - a +0 pair of boots (worn)
Jewellery
 l - a ring of wizardry
Talismans
 b - a beast talisman
 c - a flux talisman (active)
Scrolls
 f - a scroll of fog
 i - a scroll of summoning {unknown}
 k - a scroll of teleportation
 m - 3 scrolls of identify {unknown}
 n - a scroll of torment {unknown}
Potions
 d - a potion of curing {unknown}
 g - a potion of haste {unknown}


   Skills:
 - Level 1.1 Fighting
 - Level 1.7 Dodging
 + Level 5.2 Unarmed Combat
 + Level 4.9 Shapeshifting


You had 5 spell levels left.
You didn't know any spells.
Your spell library contained the following spells:

 Spells                   Type           Power      Damage    Failure   Level
 Scorch                   Fire           0%         2d5       50%         2
 Flame Wave               Conj/Fire      0%         2d4       98%         4
 Summon Cactus Giant      Summ           0%         N/A       100%        6


Dungeon Overview and Level Annotations

Branches:
Dungeon (3/15)

Altars:
Zin


Innate Abilities, Weirdness & Mutations

You are something dangerously unstable.
You glow with magical radiation, making you easy to see and hit.
Foes you strike become dangerously contaminated with magical radiation.
Your maximum health is decreased, since you lack skill for your form.
You are incapable of wielding weapons or throwing items.
Your plain brown scales are hard. (AC +6)
You cannot fit into any form of body armour.
You are cold-blooded and may be slowed by cold attacks.


Message History

You tail-slap the endoplasm.
The endoplasm is severely wounded.
An orc comes into view. It is wielding a +0 short sword.
The endoplasm freezes you.
You are frozen.
You hit the endoplasm.
You kill the endoplasm!
You hit the worm but do no damage.
The worm begins to glow.
You hit the worm.
The worm glows dangerously bright.
You tail-slap the worm.
The worm is lightly wounded.
An orc priest comes into view. It is wielding a +0 flail.
The worm bites you.
The orc priest shouts!
You hit the worm.
The worm shudders as magic cascades through it.
The worm twists and deforms.
You tail-slap the worm.
The worm is heavily wounded.
The orc completely misses you.
The orc priest calls down the wrath of Beogh upon you.
Beogh smites you!
You hit the worm.
The worm begins to glow.
The worm is almost dead.
The orc hits you but does no damage. The worm misses you.
You hit the worm.
You kill the worm!
The orc barely misses you.
You hit the orc priest.
The orc priest begins to glow.
The orc priest is lightly wounded.
The orc barely misses you. The orc hits you with a +0 short sword.
The orc priest mumbles some strange prayers to Beogh against you.
Beogh smites you!
* * * LOW HITPOINT WARNING * * *
Unknown command.
It was a potion of ambrosia.
You are confused.
You feel invigorated. The orc closely misses you.
The orc completely misses you.
The orc priest mumbles some strange prayers to Beogh against you.
Beogh smites you!
You die...

########.#.#
###.# #.# #.#
####.# #######
....# #.....#
#####..# #.###.#
#...ooo## #.#
#.#
#p..#####.###.#
#.............#
#.....####.##..#
##...## #.##..#
##.## #.##..#
### #.# #...†.#
#.. #.# ####.##
#.# #+# #.# #.#
#.####


You could see an orc priest (contam) and 2 orcs.

Vanquished Creatures
  Sigmund (D:3)
  A bombardier beetle (D:3)
  2 adders
  2 worms (D:3)
  4 dart slugs
  5 orcs (D:3)
  A ball python (D:2)
  5 bats
  5 endoplasms
  5 goblins
  3 hobgoblins
  2 jackals (D:1)
  2 quokkas
  5 frilled lizards
  4 kobolds
  6 rats
53 creatures vanquished.

Notes
Turn   | Place    | Note
-------+----------+-------------------------------------------
     0 | D:1      | dorian the Draconian Shapeshifter began the quest for the
                  | Orb.
     0 | D:1      | Reached XP level 1. HP: 16/16 MP: 1/1
   138 | D:1      | Reached XP level 2. HP: 23/23 MP: 2/2
   365 | D:2      | Reached XP level 3. HP: 28/28 MP: 3/3
   947 | D:3      | Reached skill level 4 in Unarmed Combat
   947 | D:3      | Reached XP level 4. HP: 28/35 MP: 4/4
  1070 | D:3      | Found a faded altar of an unknown god.
  1294 | D:3      | Found a glowing silver altar of Zin.
  1325 | D:3      | Noticed Sigmund
  1341 | D:3      | Killed Sigmund
  1342 | D:3      | Reached skill level 5 in Unarmed Combat
  1342 | D:3      | Reached XP level 5. HP: 31/40 MP: 5/5
  1693 | D:3      | Reached XP level 6. HP: 30/47 MP: 6/6
  1766 | D:3      | Killed from afar by an orc priest

Illustrated notes

Levels and vault maps discovered:
D:1:      lightli_arrival_flooded_house, layout_rooms
D:2:      layout_loops_ring
D:3:      layout_loops_corners, marbit_many_paths, zin_academy,
          basic_ecumenical_altar, grunt_decor_cap, uniq_sigmund

Skill      XL: |  1  2  3  4 |
---------------+-------------+-----
Unarmed Combat | 4 5 |  5.2
Shapeshifting  | 4 |  4.9
Fighting       | |  1.1
Dodging        | |  1.7

Action                     |  1- 3 |  4- 6 || total
---------------------------+-------+-------++-------
  Melee: Unarmed           |    85 |    50 ||   135
         Tailslap          |    10 |     6 ||    16
         Punch             |     2 |     1 ||     3
    Use: Scroll            |     2 |       ||     2
         Potion            |       |     2 ||     2
   Stab: Sleeping          |     1 |       ||     1
 Armour: Skin              |    27 |    19 ||    46
  Dodge: Dodged            |    55 |    25 ||    80
   Form: Flux              |       |     1 ||     1

Table legend: (Time is in decaauts)
 A = Elapsed time spent in this place.
 B = Non-inter-level travel time spent in this place.
 C = Inter-level travel time spent in this place.
 D = Time resting spent in this place.
 E = Time spent auto-exploring this place.
 F = Levels seen in this place.
 G = Mean time per level.
                   A        B        C        D        E       F      G
               +--------+--------+--------+--------+--------+-----+--------+
         Total |   1755 |   1697 |     58 |    126 |   1235 |   3 |  585.0 |
       Dungeon |   1755 |   1697 |     58 |    126 |   1235 |   3 |  585.0 |
               +--------+--------+--------+--------+--------+-----+--------+

Top non-repeatable levels by time:
     D:3: 827 daAuts
     D:2: 610 daAuts
     D:1: 317 daAuts
